 Dungeon Crawl Stone Soup version 0.27.1-2-g3b301248ec (webtiles) character file.

Game seed: 8220476814704969749

14 worthlessgem the Slasher (level 2, 6/23 HPs)
             Began as a Djinni Warper on Sept 24, 2021.
             Quit the game on level 2 of the Dungeon.
             The game lasted 00:07:20 (1329 turns).

worthlessgem the Slasher (Djinni Warper)            Turns: 1329, Time: 00:07:20

Health: 6/23       AC:  3    Str: 10    XL:     2   Next: 60%
Gold:   32         EV: 11    Int: 14    God:
                   SH:  0    Dex: 12

rFire    + + .     SeeInvis .   a - +0 falchion
rCold    x . .     Faith    .   (no shield)
rNeg     . . .     Spirit   .   b - +0 leather armour
rPois    ∞         Reflect  .   (no helmet)
rElec    .         Harm     .   (no cloak)
rCorr    .         Rampage  .   (no gloves)
Will     .....                  (boots unavailable)
Stlth    +.........             (no amulet)
HPRegen  0.07/turn              (no ring)
MPRegen  0.00/turn              (no ring)

@: brilliant, flying, studying Axes
A: sickness immunity, fire resistance 2, cold vulnerability 1, float, innate
caster, hp casting, extra vitality 1
a: no special abilities


You were on level 2 of the Dungeon.
You visited 1 branch of the dungeon, and saw 2 of its levels.

You collected 32 gold pieces.

Inventory:

Hand Weapons
 a - a +0 falchion (weapon)
Missiles
 d - 5 boomerangs of dispersal
 f - 35 stones (quivered)
 k - 29 sling bullets
Armour
 b - a +0 leather armour (worn)
Jewellery
 j - a +6 ring of intelligence
Scrolls
 c - a scroll of blinking
 e - a scroll of identify {unknown}
 h - a scroll of teleportation {unknown}
 i - a scroll of immolation {unknown}


   Skills:
 - Level 2.0 Fighting
 + Level 2.7 Long Blades
 - Level 0.7 Throwing
 - Level 1.0 Armour
 - Level 2.1 Dodging
 - Level 2.4 Spellcasting


You couldn't memorise any spells.
You knew the following spells:

 Your Spells              Type           Power      Damage    Failure   Level
a - Blink                 Tloc           N/A        N/A       17%         2
b - Lesser Beckoning      Tloc           6%         N/A       34%         3
c - Gell's Gravitas       Tloc           6%         N/A       34%         3
d - Teleport Other        Tloc           12%        N/A       34%         3
e - Manifold Assault      Tloc           12%        N/A       97%         5
Your spell library was empty.

Dungeon Overview and Level Annotations

Branches:
Dungeon (2/15)

Altars:

Annotations:
D:2 Robin


Innate Abilities, Weirdness & Mutations

You are immune to sickness and miasma.
You are immune to poison.
Your flesh is very heat resistant. (rF++)
You are vulnerable to cold. (rC-)
You float through the air rather than walking.
You learn spells naturally, not from books.
Your magical power is your life essence.
You have superior vitality. (+4 HP)


Message History

A goblin comes into view. It is wielding a +0 club.
The goblin shouts!
You hear a shout! x5
There is a stone staircase leading up here.
An adder comes into view.
The adder hisses angrily.
Found a stone staircase leading down.
The adder barely misses you.
You riposte.
You hit the adder.
The adder is lightly wounded.
The adder completely misses you. The adder barely misses you.
You riposte.
You closely miss the adder.
The adder is lightly wounded.
The adder closely misses you. The adder bites you.
The adder bites you but does no damage.
A hobgoblin comes into view.
The hobgoblin shouts!
The adder bites you.
An adder comes into view.
A dart slug comes into view.
The adder bites you but does no damage.
Casting: Blink (safe; 17% risk of failure)
Confirm with . or Enter, or press ? or * to list all spells.
You blink.
Casting: Blink (safe; 17% risk of failure)
Confirm with . or Enter, or press ? or * to list all spells.
You blink.
The goblin barely misses you.
Unknown command.
Casting: Blink (safe; 17% risk of failure)
Confirm with . or Enter, or press ? or * to list all spells.
You blink.
* * * LOW HITPOINT WARNING * * *
Unknown command.
Found a scroll labelled ZECIRI YKUMYTOUC.
You aren't carrying any items that you can evoke.
It was a potion of brilliance.
You feel clever all of a sudden.
Casting: Blink (safe; 17% risk of failure)
Confirm with . or Enter, or press ? or * to list all spells.
Okay, then.
Are you sure you want to abandon this character and quit the game? (Confirm with "yes".)

#.........#
#.........#
#.........#
#........g#
#.........#
#.......w.#
#.......gS#
#########S#
#@#
........#
........#
........#
........#
.........
....?....
........#


You could see 2 adders, a dart slug, a hobgoblin and a goblin.

Vanquished Creatures
  A dart slug (D:1)
  An endoplasm (D:2)
  2 giant cockroaches (D:2)
  A quokka (D:1)
  2 bats (D:1)
  2 frilled lizards (D:1)
  3 kobolds (D:1)
12 creatures vanquished.

Notes
Turn   | Place    | Note
-------+----------+-------------------------------------------
     0 | D:1      | worthlessgem the Djinni Warper began the quest for the Orb.
     0 | D:1      | Reached XP level 1. HP: 18/18 MP: 0/0
   297 | D:1      | Reached XP level 2. HP: 16/23 MP: 0/0
   829 | D:2      | Noticed Robin
  1025 | D:1      | Found a faded altar of an unknown god.
  1329 | D:2      | Quit the game

Illustrated notes

Levels and vault maps discovered:
D:1:      eino_arrival_cavern_a, layout_basic,
          shapermc_ecumenical_altar_pompeii, minmay_misc_feat_encased
D:2:      layout_basic, uniq_robin, uniq_crazy_yiuf_cottage

Skill      XL: |  1 |
---------------+----+-----
Long Blades    | 2 |  2.7
Fighting       | |  2.0
Throwing       | |  0.7
Armour         | |  1.0
Dodging        | |  2.1
Spellcasting   | |  2.4

Action                   || total
-------------------------++-------
Melee: Falchion          ||    32
Throw: Stone             ||     3
 Cast: Blink             ||    10
  Use: Potion            ||     1
Armor: Leather armour    ||    30
Dodge: Dodged            ||    33
       Rpst.: Falchion   ||     9
